AoeStats
← mryendl2410

Arena

509131140Analyzed
4v4 RM · 7d ago on Sep 25, 2026· 34m 48s· 8 players
Game mode
Random Map
Map size
Large (8 player)
Population
200
Speed
Normal
Resources
Standard
Victory
Conquest
Starting age
Dark Age
Ending age
Imperial Age
RankedLock teamsTeams togetherTeam positionsShared explorationLock speedFull tech treeHidden civsTurbo modeCheats
Victory
Defeat
🇻🇳 Italians · Vietnam
1387
+14
🇹🇷 Franks · Türkiye
1361
+15
🇻🇳 Lithuanians · Vietnam
1329
+16
1269
+19
🇩🇪 Danes · Germany
1361
-17
🇫🇷 Franks · France
1353
-17
🇲🇽 Varangians · Mexico
1323
-15
🇩🇪 Saxons · Germany
1321
-15
woodyshaack
10:11 Feudal Age
10:44 Double-Bit Axe
11:43 Loom
14:05 Castle Age
12:32 Horse Collar
14:14 Gold Mining
15:20 Bow Saw
17:40 Heavy Plow
19:10 Arson
19:56 Forging
21:52 Wheelbarrow
23:16 Squires
24:12 Iron Casting
25:50 Scale Mail Armor
26:33 Hand Cart
27:17 Chain Mail Armor
30:43 Stone Mining
Wolf Kennway
11:03 Feudal Age
12:32 Double-Bit Axe
12:43 Horse Collar
15:23 Castle Age
17:17 Bow Saw
19:07 Loom
24:53 Wheelbarrow
29:34 Hand Cart
30:24 Sanctity
30:59 Town Watch
30:37 Elite Skirmisher
32:11 Fletching
32:21 Padded Archer Armor
32:58 Redemption
33:04 Scale Mail Armor
33:15 Forging
34:30 Forging
34:35 Chain Mail Armor
Luis Enrique
10:13 Feudal Age
14:23 Castle Age
12:36 Double-Bit Axe
15:37 Wheelbarrow
15:32 Bow Saw
19:03 Stone Mining
20:55 Gold Mining
22:47 Hand Cart
22:19 Loom
29:25 Imperial Age
27:00 Town Watch
27:29 Scale Barding Armor
27:50 Husbandry
27:38 Treadmill Crane
28:12 Forging
29:11 Chain Barding Armor
29:35 Town Patrol
30:13 Chivalry
29:44 Cavalier
31:01 Plate Barding Armor
30:57 Conscription
32:22 Chemistry
KIV.Theo
11:20 Feudal Age
12:14 Horse Collar
12:23 Double-Bit Axe
15:14 Castle Age
16:08 Bow Saw
16:04 Heavy Plow
17:12 Wheelbarrow
22:38 Redemption
22:53 Hand Cart
22:23 Loom
22:24 Town Watch
23:17 Sanctity
23:38 Clerical Recruitment
24:19 Fletching
24:29 Padded Archer Armor
24:45 Crossbowman
25:26 Bodkin Arrow
25:28 Gold Mining
25:28 Stone Mining
27:00 Thumb Ring
28:32 Coinage
29:20 Leather Archer Armor
29:27 Ballistics
30:12 Gold Shaft Mining
33:00 Imperial Age
30:40 Scale Mail Armor
32:02 Chain Mail Armor
32:48 Squires
32:33 Arson
32:59 Forging
34:34 Iron Casting
35:06 Bracer
武林(野うさぎ同盟 )
10:21 Feudal Age
11:07 Double-Bit Axe
12:18 Loom
15:15 Castle Age
13:10 Horse Collar
16:32 Bow Saw
17:18 Wheelbarrow
25:13 Hand Cart
24:30 Crossbowman
25:20 Fletching
26:26 Bodkin Arrow
30:10 Imperial Age
27:56 Thumb Ring
27:50 Treadmill Crane
28:10 Gold Mining
28:25 Town Watch
29:38 Ballistics
30:17 Arbalester
30:59 Bracer
30:59 Padded Archer Armor
31:41 Gold Shaft Mining
31:49 Heavy Plow
32:57 Two-Man Saw
33:02 Squires
32:47 Arson
33:09 Pikeman
34:16 Scale Mail Armor
35:20 Conscription
mryendl2410
11:56 Feudal Age
10:28 Loom
13:31 Double-Bit Axe
16:02 Castle Age
14:15 Horse Collar
14:43 Gold Mining
21:17 Imperial Age
19:37 Fletching
28:35 Wheelbarrow
30:34 Bodkin Arrow
31:39 Padded Archer Armor
32:03 Bow Saw
33:04 Bracer
34:23 Ballistics
36:14 Chemistry
piecardinap
11:22 Feudal Age
12:29 Horse Collar
13:00 Double-Bit Axe
15:35 Castle Age
13:46 Gold Mining
19:03 Wheelbarrow
19:28 Bow Saw
21:27 Scale Barding Armor
23:04 Bloodlines
24:26 Heavy Plow
24:17 Stone Mining
25:50 Husbandry
29:01 Stone Shaft Mining
28:44 Hand Cart
31:55 Imperial Age
29:40 Loom
30:13 Husbandry
30:25 Light Cavalry
32:32 Forging
32:47 Winged Hussar
34:30 Crop Rotation
35:05 Two-Man Saw
hirax34
11:06 Feudal Age
14:47 Castle Age
12:37 Double-Bit Axe
15:56 Bow Saw
21:13 Wheelbarrow
21:57 Gold Mining
22:54 Stone Mining
27:53 Imperial Age
25:46 Hand Cart
25:44 Loom
26:26 Scale Barding Armor
26:31 Forging
27:20 Gold Shaft Mining
27:30 Chain Barding Armor
27:34 Husbandry
28:53 Iron Casting
28:16 Cavalier
29:18 Conscription
29:48 Plate Barding Armor
29:24 Town Watch
30:19 Paladin
33:09 Blast Furnace
34:18 Siege Engineers
Connection lost

Rejoining the realm…

Still unreachable

The connection could not be restored.

Session expired

The server has moved on; the page needs a fresh start.